Map: Odyssey LE

Players

VENOM - Winner!

  • Race: Zerg Zerg
  • League: Gold
  • Spawn Location: 5:00

Jmac

  • Race: Zerg Zerg
  • League: Gold
  • Spawn Location: 11:00

VOD

Have the link to the VOD?

Description

Time

  • Played on: June 6, 2017, 8:26 p.m.
  • Length: 12:49
Show
View Real Time Build Order
Export as new Build Order

VENOM Zerg - Winner!

Build Orders: Pool First, Zergling Baneling 

Get SALT Encoding   

  12  0:07  Overlord  
  12  0:12  Drone  
  13  0:17  Drone  
  14  0:33  Drone  
  15  0:38  Extractor  
  15  0:42  Drone  
  15  0:48  Spawning Pool  
  14  0:51  Drone  
  16  1:04  Drone  
  16  1:12  Drone  
  17  1:25  Hatchery  
  16  1:38  Zergling x2  
  16  1:39  Zergling x2  
  18  1:40  Metabolic Boost  
  18  1:46  Zergling x2  
  19  1:56  Queen  
  19  2:00  Zergling x2  
  22  2:10  Overlord  
  22  2:19  Baneling Nest  
  21  2:26  Zergling x2  
  22  2:36  Zergling x2  
  23  2:38  Queen  
  23  2:43  Zergling x2  
  24  2:51  Zergling x2  
  24  2:52  Zergling x2  
  26  2:58  Zergling x2  
  26  3:03  Zergling x4  
  28  3:10  Zergling x2  
  28  3:20  Zergling x2  
  28  3:21  Zergling x2  
  28  3:22  Baneling x3  
  29  3:42  Zergling x4  
  29  3:43  Zergling x2  
  31  4:01  Zergling x8  
  34  4:18  Zergling x4  
  35  4:29  Baneling x2  
  35  4:31  Baneling x3  
  35  4:36  Overlord x2  
  20  5:33  Drone x2  
  20  5:34  Drone x3  
  24  5:49  Zergling x6  
  27  5:56  Zergling x4  
  29  6:11  Zergling x2  
  29  6:12  Drone x2, Zergling x2  
  29  6:13  Zergling x2  
  29  6:17  Hatchery, Baneling x3  
  33  6:19  Zergling x4  
  33  6:20  Zergling x4  
  37  6:26  Zergling x2  
  37  6:31  Drone  
  39  6:33  Drone  
  40  7:00  Zergling x4  
  40  7:01  Zergling x10  
  47  7:16  Zergling x10  
  46  7:49  Baneling x4  
  46  7:50  Baneling x2  
  44  7:51  Zergling x4  
  44  7:52  Zergling x12  
  44  7:57  Overlord x4  
  52  8:07  Extractor  
  52  8:11  Roach Warren  
  47  8:38  Zergling x6  
  47  8:39  Zergling x14  
  57  8:41  Baneling  
  57  8:42  Baneling x6  
  57  8:43  Baneling x2  
  57  8:47  Drone  
  58  8:51  Drone x2  
  56  9:16  Roach x2  
  56  9:17  Roach x4  
  67  9:35  Roach x2, Zergling x4  
  72  9:53  Baneling  
  72  9:54  Baneling x5  
  50  10:24  Roach  
  50  10:25  Roach x5  
  60  10:33  Zergling x6  
  63  10:40  Ravager  
  63  10:42  Baneling x3  
  64  10:43  Baneling x3  
  64  10:44  Roach x2  
  64  10:46  Drone  
  64  10:47  Drone x3  
  70  11:45  Overlord x2  
  70  11:46  Roach  
  58  12:03  Roach x8  
  58  12:04  Roach x5  
  78  12:10  Queen  
  78  12:11  Queen  
  79  12:22  Roach x3  
Show
View Real Time Build Order
Export as new Build Order

Jmac Zerg 

Build Orders: Hatch First 

Get SALT Encoding   

  12  0:01  Drone  
  13  0:10  Drone  
  14  0:16  Overlord  
  14  0:34  Drone x3  
  17  0:54  Hatchery  
  17  0:56  Drone  
  17  0:59  Drone  
  17  1:02  Extractor  
  17  1:19  Spawning Pool  
  17  1:22  Drone  
  17  1:23  Drone  
  18  1:29  Drone  
  19  1:43  Overlord  
  19  1:50  Drone  
  20  2:06  Metabolic Boost, Queen x2  
  24  2:09  Zergling x2  
  24  2:13  Zergling x2  
  26  2:19  Drone  
  26  2:20  Drone  
  28  2:24  Drone  
  29  2:35  Drone  
  29  2:36  Drone  
  31  2:38  Overlord  
  29  2:51  Zergling x4  
  29  2:58  Baneling Nest  
  30  3:04  Queen  
  30  3:06  Queen  
  30  3:09  Zergling x6  
  35  3:23  Overlord x2  
  35  3:25  Zergling x4  
  35  3:26  Zergling x2  
  38  3:34  Overlord  
  33  3:43  Spine Crawler  
  33  3:44  Queen  
  33  3:49  Zergling x4  
  27  4:04  Spine Crawler, Zergling x2  
  27  4:05  Zergling x6  
  29  4:15  Zergling x2  
  29  4:16  Zergling x4  
  32  4:28  Spine Crawler  
  31  4:41  Baneling  
  31  4:42  Baneling x4  
  31  4:44  Zergling x6  
  30  5:09  Zergling x4  
  30  5:10  Zergling x2  
  26  5:15  Zergling x2  
  26  5:20  Spine Crawler  
  25  5:40  Zergling x4  
  27  5:42  Hatchery  
  26  5:52  Baneling Nest  
  26  5:56  Zergling x6  
  28  6:08  Zergling x2  
  29  6:12  Zergling x2  
  30  6:19  Zergling x2  
  30  6:20  Zergling x4  
  33  6:28  Zergling x2  
  33  6:31  Queen  
  36  6:33  Zergling x2  
  37  6:46  Zergling x2  
  38  6:49  Baneling x3  
  38  6:50  Baneling x6  
  36  7:04  Queen  
  38  7:19  Spine Crawler  
  38  7:21  Drone x2  
  39  7:24  Spine Crawler  
  31  7:43  Zergling x2  
  31  7:44  Zergling x8  
  33  7:49  Baneling  
  33  7:50  Baneling x3  
  33  7:52  Zergling x2  
  34  8:01  Zergling x2  
  34  8:02  Zergling x2  
  36  8:10  Drone x3  
  38  8:26  Zergling x8  
  42  8:47  Zergling x6  
  42  8:48  Zergling x2  
  46  8:49  Roach Warren  
  45  9:08  Zergling x12  
  48  9:32  Zergling x2  
  48  9:33  Zergling x10  
  52  10:04  Zergling x6  
  52  10:05  Zergling x14  
  44  10:26  Extractor  
  32  10:28  Extractor  
  32  10:32  Zergling x12  
  37  10:38  Baneling x2  
  37  10:39  Baneling x6  
  37  10:54  Drone x2  
  37  10:55  Drone x2  
  40  11:22  Roach x4  
  46  11:26  Drone  
  43  11:35  Roach  
  44  11:42  Roach  
  44  11:43  Roach  
  48  11:54  Roach  
  48  11:55  Roach  
  48  12:00  Roach  
  42  12:07  Roach  
  40  12:19  Zergling x6  
  34  12:26  Zergling x2  
  34  12:27  Zergling x2  
Tags
 
League
GoldGold
Matchup
ZvZ
Race
Zerg
Spawn Locations
Cross Positions
Add a new tag
Caveats
  • Supply blocks, unpowered buildings, or Contaminate may cause inaccurate times.
  • Supply counts are checked every 10 seconds.